 Dungeon Crawl Stone Soup version 0.23.1-37-gaa34b87 (webtiles) character file.

Game seed: 1319990728245298798

112 night the Conjurer (level 4, -5/33 HPs)
             Began as a Draconian Conjurer on Mar 27, 2019.
             Slain by a gnoll
             ... wielding a +0 halberd
              (9 damage)
             ... on level 4 of the Dungeon.
             The game lasted 00:07:12 (2866 turns).

night the Conjurer (Draconian Conjurer)             Turns: 2866, Time: 00:07:13

Health: -5/33      AC:  5    Str: 10    XL:     4   Next: 64%
Magic:  3/9        EV: 12    Int: 16    God:
Gold:   149        SH:  0    Dex: 12    Spells: 4/10 levels left

rFire    . . .     SeeInvis .   o - +4 dagger
rCold    . . .     Gourm    .   (no shield)
rNeg     . . .     Faith    +   (armour unavailable)
rPois    .         Spirit   .   (helmet restricted)
rElec    .         Reflect  .   (no cloak)
rCorr    .         Harm     .   (no gloves)
MR       .....                  (no boots)
Stlth    ++........             h - amulet of faith
HPRegen  0.11/turn              (no ring)
MPRegen  0.11/turn              (no ring)

@: no status effects
A: unfitting armour, cold-blooded, AC +5
a: no special abilities


You were on level 4 of the Dungeon.
You were hungry.

You visited 1 branch of the dungeon, and saw 4 of its levels.

You collected 149 gold pieces.

Inventory:

Hand Weapons
 o - a +4 dagger (weapon)
 r - a +2 falchion of flaming
Missiles
 e - 46 sling bullets
 n - 74 stones (quivered)
 t - 21 bolts
Armour
 u - a scarf of spirit shield
Jewellery
 h - an amulet of faith (around neck)
Scrolls
 a - a scroll of immolation {unknown}
 c - 2 scrolls of teleportation {unknown}
 g - 2 scrolls of enchant weapon {unknown}
 j - a scroll of remove curse {unknown}
 l - a scroll of enchant armour {unknown}
 p - a scroll of fear {unknown}
Potions
 d - 2 potions of heal wounds {unknown}
 f - 3 potions of lignification
 i - 2 potions of curing {unknown}
 k - a potion of ambrosia {unknown}
 m - a potion of resistance {unknown}
 q - a potion of invisibility {unknown}
 s - a potion of mutation {unknown}
Comestibles
 b - 5 rations


   Skills:
 - Level 1.7 Dodging
 - Level 1.7 Stealth
 + Level 3.5 Spellcasting
 + Level 5.1 Conjurations


You had 4 spell levels left.
You knew the following spells:

 Your Spells              Type           Power        Failure   Level  Hunger
a - Magic Dart            Conj           ###.         2%          1    None
b - Searing Ray           Conj           ###...       3%          2    ##.....
c - Dazzling Spray        Conj/Hex       ##....       19%         3    ###....

Your spell library contained the following spells:

 Spells                   Type           Power        Failure   Level  Hunger
 Iskenderun's Mystic Bla  Conj           ###.....     22%         4    ####...
 Force Lance              Conj/Tloc      ##......     52%         4    ####...
 Fulminant Prism          Conj/Hex       ##........   52%         4    ####...


Dungeon Overview and Level Annotations

Branches:
Dungeon (4/15)
 Temple: D:4-7

Altars:


Innate Abilities, Weirdness & Mutations

Your plain brown scales are hard. (AC +5)
You cannot fit into any form of body armour.
You are cold-blooded and may be slowed by cold attacks.


Message History

You hit the gnoll.
The gnoll is severely wounded.
The gnoll closely misses you.
You hit the gnoll but do no damage.
The gnoll is severely wounded.
The gnoll barely misses you.
You barely miss the gnoll.
The gnoll is severely wounded.
The gnoll misses you. The gnoll hits you with a +0 halberd.
You hit the gnoll.
The gnoll is almost dead.
The gnoll closely misses you. The gnoll hits you with a +0 halberd.
You hit the gnoll.
You kill the gnoll!
The gnoll hits you with a +0 halberd!
* * * LOW HITPOINT WARNING * * *
You are too injured to fight recklessly!
You are too injured to fight recklessly!
The gnoll hits you from afar with a +0 halberd!
You die...

........#...........#
#####.#....[....#..
#............###
##.............#
##.............##
#..###......#.).##
##..##......#....#
#..##.....#.)...#
#.........##g.@.#
##..............#
##............###
#.....#...#....#
##....#.###...###
#.......##.....###
#.......#........#
#...............##
##..###.......###


You could see a gnoll.

Vanquished Creatures
  A hound skeleton (D:4)
  3 gnolls
  2 adders
  An ooze (D:1)
  2 dart slugs (D:1)
  3 leopard geckos
  An orc (D:3)
  7 bats
  A giant cockroach (D:3)
  6 goblins
  5 hobgoblins
  3 kobolds
  3 frilled lizards
  3 rats
41 creatures vanquished.

Notes
Turn   | Place    | Note
-------+----------+-------------------------------------------
     0 | D:1      | night the Draconian Conjurer began the quest for the Orb.
     0 | D:1      | Reached XP level 1. HP: 14/14 MP: 3/3
    84 | D:1      | Reached XP level 2. HP: 19/20 MP: 0/5
   302 | D:1      | Learned a level 2 spell: Searing Ray
   821 | D:1      | Reached XP level 3. HP: 26/26 MP: 5/7
   826 | D:1      | Learned a level 3 spell: Dazzling Spray
  2567 | D:4      | Reached XP level 4. HP: 33/33 MP: 5/8
  2657 | D:4      | Reached skill level 5 in Conjurations
  2866 | D:4      | Slain by a gnoll

Skill      XL: |  1  2  3  4 |
---------------+-------------+-----
Spellcasting   | 3 |  3.5
Conjurations   | 5 |  5.1
Dodging        | |  1.7
Stealth        | |  1.7

Action                   |  1- 3 |  4- 6 || total
-------------------------+-------+-------++-------
Melee: Unarmed           |    14 |       ||    14
       Tailslap          |     2 |     1 ||     3
       Dagger            |     8 |    15 ||    23
 Cast: Magic Dart        |    70 |    15 ||    85
       Dazzling Spray    |     2 |     1 ||     3
  Use: Potion            |     1 |       ||     1
  Eat: Chunk             |     4 |     2 ||     6
Armor: Skin              |    20 |       ||    20
Dodge: Dodged            |    19 |    23 ||    42
